 Dungeon Crawl Stone Soup version 0.29-a0-323-g050149af67 (webtiles) character file.

Game seed: 2785076690359967586

5 spaghetti the Ducker (level 1, 12/16 HPs)
             Began as an Octopode Berserker on Apr 10, 2022.
             Was a Follower of Trog.
             Quit the game on level 1 of the Dungeon.
             The game lasted 00:00:21 (227 turns).

spaghetti the Ducker (Octopode Berserker)            Turns: 227, Time: 00:00:22

Health: 12/16      AC:  1    Str: 16    XL:     1   Next: 80%
Magic:  1/1        EV: 13    Int:  9    God:    Trog [*.....]
Gold:   28         SH:  0    Dex: 11    Spells: 0/0 levels left

rFire   . . .      SeeInvis .   a - +0 falchion {long}
rCold   . . .      Faith    .   (no shield)
rNeg    . . .      Spirit   .   (helmet restricted)
rPois   .          Reflect  .   (no amulet)
rElec   .          Harm     .   (no ring)
rCorr   .          Rampage  .   (no ring)
Will    .....                   (no ring)
Stlth   ++........              (no ring)
HPRegen 0.05/turn               (no ring)
MPRegen 0.07/turn               (no ring)
                                (no ring)
                                (no ring)

@: no status effects
A: almost no armour, amphibious, 8 rings, camouflage 1, gelatinous body 1,
(nimble swimmer 1), tentacles
a: Renounce Religion, Berserk


You were on level 1 of the Dungeon.
You worshipped Trog.
Trog was aware of your devotion.
You visited 1 branch of the dungeon, and saw 1 of its levels.

You collected 28 gold pieces.


Innate Abilities, Weirdness & Mutations

You cannot wear most types of armour.
You are amphibious.
You can wear up to eight rings at the same time.
Your skin changes colour to match your surroundings (Stealth+).
Your rubbery body absorbs attacks. (AC +1, EV +1)
((You are camouflaged when in or above water. (Stealth+)))
You have tentacles for arms and can constrict up to eight enemies at once.


   Skills:
 - Level 3.0 Fighting
 - Level 3.0 Long Blades
 + Level 3.4 Dodging


You couldn't memorise any spells.
You didn't know any spells.
Your spell library was empty.

Inventory:

Hand Weapons
 a - a +0 falchion (weapon) {long}
Scrolls
 d - 4 scrolls of identify {unknown}
Potions
 b - a potion of degeneration {unknown}
 c - a potion of haste {unknown}
 e - a potion of might {unknown}
 f - 2 potions of berserk rage {unknown}

Dungeon Overview and Level Annotations

Branches:
Dungeon (1/15)

Altars:

#.# #.# #.# #.# #.# #.#
#.######## #.#
#.†....... #.#
#......... #.#
#......... #.#
#########.........###.#
.$....g@..#####....##.#
########### #....##.#
######....##.#
............#
#.......####
#.......#.. #.......#.#
#.......#.#
#.......#.###


You could see a goblin.


Message History

A rat is nearby!
You are too injured to fight recklessly!
You slash the rat!
You kill the rat!
Trog accepts your kill.
You now have 16 gold pieces (gained 8).
d - 3 scrolls labelled BOQERI WOOX 😎 HP[+1]
Your hp is fully restored (16).
Key pressed, stopping explore.
No target in view!
e - a lumpy blue potion A goblin comes into view.
It is wielding a +0 dagger.
The goblin closely misses you.
You hit the goblin but do no damage. Your grab misses the goblin.
The goblin hits you with a +0 dagger. The goblin completely misses you.
You are too injured to fight recklessly!
You are too injured to fight recklessly!
You are too injured to fight recklessly! 😕 HP[-2]
You take 2 damage, and now have 14/16 hp.
You are too injured to fight recklessly!
You are too injured to fight recklessly!
You are too injured to fight recklessly!
You are too injured to fight recklessly!
A goblin is nearby!
You are too injured to fight recklessly!
You hit the goblin. Your grab misses the goblin.
The goblin hits you but does no damage.
You completely miss the goblin. You grab the goblin. You constrict the goblin.
You kill the goblin!
Trog accepts your kill.
Things that are here:
a +0 dagger {short}; a goblin corpse You start resting. 😎 HP[+2]
Your hp is fully restored (16).
d - 4 scrolls labelled BOQERI WOOX (gained 1)
A bat comes into view.
A bat is nearby!
A bat is nearby!
You hit the bat.
You kill the bat!
Trog accepts your kill.
No target in view!
No target in view!
No target in view!
No target in view!
No target in view!
No target in view!
No target in view!
No target in view!
No target in view!
No target in view!
No target in view!
No target in view!
f - 2 fizzy white potions You now have 28 gold pieces (gained 12).
Key pressed, stopping explore.
A ball python comes into view.
The ball python hisses angrily.
A ball python is nearby!
A ball python is nearby!
You hit the ball python. Your grab misses the ball python.
The ball python misses you. The ball python closely misses you.
The ball python bites you. The ball python misses you. 😕 HP[-1]
You take 1 damage, and now have 15/16 hp.
You are too injured to fight recklessly!
You are too injured to fight recklessly!
You are too injured to fight recklessly!
You are too injured to fight recklessly!
You are too injured to fight recklessly!
You are too injured to fight recklessly!
You are too injured to fight recklessly!
You are too injured to fight recklessly!
You are too injured to fight recklessly!
A ball python is nearby!
A ball python is nearby!
A ball python is nearby!
You barely miss the ball python. You grab the ball python.
You constrict the ball python.
You kill the ball python!
Trog accepts your kill.
You start resting. 😎 HP[+1]
Your hp is fully restored (16).
You see here a ball python corpse.
A goblin comes into view. It is wielding a +0 club.
A goblin is nearby!
A goblin is nearby!
A goblin is nearby!
The goblin shouts!
The goblin barely misses you.
You closely miss the goblin. Your grab misses the goblin.
The goblin hits you with a +0 club. x2 😮 HP[-4]
You take 4 damage, and now have 12/16 hp.
MASSIVE DAMAGE!! (PAUSE) Are you sure you want to abandon this character and quit the game? (Confirm with "yes".)

Action                   || total
-------------------------++-------
Melee: Falchion          ||    13
       Constrict         ||     5
       Tentacles         ||     2
 Stab: Sleeping          ||     1
Armor: Skin              ||     2
Dodge: Dodged            ||    10

Levels and vault maps discovered:
D:1:      ebering_trefoil_twist, layout_basic,
          shapermc_ecumenical_altar_pompeii, minmay_split_cup_large

Notes
Turn   | Place    | Note
-------+----------+-------------------------------------------
     0 | D:1      | spaghetti the Octopode Berserker began the quest for the
                  | Orb.
     0 | D:1      | Reached XP level 1. HP: 16/16 MP: 1/1
     0 | D:1      | magus.rc [v1.9.6]
   227 | D:1      | Quit the game

Vanquished Creatures
  3 bats (D:1)
  A ball python (D:1)
  A goblin (D:1)
  A rat (D:1)
6 creatures vanquished.

Table legend:
 A = Non-vault XP
 B = Vault XP
 C = Vault XP percentage of total XP
 D = Non-vault monster count
 E = Vault monster count
 F = Vault count percentage of total count
                 A         B        C        D         E       F
            +---------+---------+-------+---------+---------+-------
      Total |       8 |       0 |   0.0 |       6 |       0 |   0.0
            +---------+---------+-------+---------+---------+-------
        D:1 |       8 |       0 |   0.0 |       6 |       0 |   0.0
            +---------+---------+-------+---------+---------+-------

Illustrated notes

Table legend:
 A = Kills in this place as a percentage of kills in entire the game.
 B = Kills by you in this place as a percentage of kills by you in the entire game.
 C = Kills by friends in this place as a percentage of kills by friends in the entire game.
 D = Other kills in this place as a percentage of other kills in the entire game.
 E = Experience gained in this place as a percentage of experience gained in the entire game.
 F = Experience gained in this place divided by the number of levels of this place that you have seen.
                   A       B       C       D       E      F
               +-------+-------+-------+-------+-------+----------------------
         Total | 100.0 | 100.0 |   N/A |   N/A | 100.0 |   8.0
       Dungeon | 100.0 | 100.0 |   N/A |   N/A | 100.0 |   8.0
               +-------+-------+-------+-------+-------+----------------------

Table legend: (Time is in decaauts)
 A = Elapsed time spent in this place.
 B = Non-inter-level travel time spent in this place.
 C = Inter-level travel time spent in this place.
 D = Time resting spent in this place.
 E = Time spent auto-exploring this place.
 F = Levels seen in this place.
 G = Mean time per level.
                   A        B        C        D        E       F      G
               +--------+--------+--------+--------+--------+-----+--------+
         Total |    229 |    229 |      0 |     38 |    140 |   1 |  229.0 |
       Dungeon |    229 |    229 |      0 |     38 |    140 |   1 |  229.0 |
               +--------+--------+--------+--------+--------+-----+--------+

Top non-repeatable levels by time:
     D:1: 229 daAuts
